AoeStats
← DLJD

Pilgrims

510157422Analyzed
4v4 RM · 3d ago on Sep 29, 2026· 79m 29s· 8 players
Game mode
Random Map
Map size
Large (8 player)
Population
200
Speed
Normal
Resources
Standard
Victory
Conquest
Starting age
Dark Age
Ending age
Imperial Age
RankedLock teamsTeams togetherTeam positionsShared explorationLock speedFull tech treeHidden civsTurbo modeCheats
Victory
Defeat
🇧🇪 Japanese · Belgium
1010
+12
🇹🇷 Bengalis · Türkiye
979
+13
🇬🇧 Teutons · United Kingdom
968
+14
🇩🇪 Vikings · Germany
936
+15
🇬🇧 Celts · United Kingdom
954
-15
🇬🇧 Huns · United Kingdom
939
-14
🇬🇧 Goths · United Kingdom
901
-13
🇬🇧 Romans · United Kingdom
885
-12
szczuply23
3:09 Loom
13:24 Feudal Age
16:18 Double-Bit Axe
16:16 Horse Collar
22:33 Castle Age
21:30 Stone Mining
22:16 Fletching
24:10 Bodkin Arrow
31:42 Gold Mining
33:41 Heavy Plow
42:14 Imperial Age
43:29 Onager
48:40 Bow Saw
52:34 Crop Rotation
52:49 Forging
52:44 Scale Barding Armor
52:40 Scale Mail Armor
57:38 Chemistry
58:01 Two-Man Saw
59:00 Crenellations
62:44 Wheelbarrow
62:53 Siege Onager
64:08 Siege Engineers
64:01 Town Watch
71:14 Hand Cart
73:41 Forging
73:46 Chain Mail Armor
77:45 Hoardings
Pangaea
4:39 Loom
12:12 Feudal Age
20:46 Castle Age
Saeer
5:33 Loom
12:12 Feudal Age
13:48 Town Watch
15:34 Fletching
15:42 Fishing Lines
19:01 Castle Age
20:54 Wheelbarrow
20:20 Town Patrol
20:13 Stone Mining
25:41 Medium Warships
26:06 Squires
27:24 Scale Mail Armor
30:20 Forging
31:10 Chain Mail Armor
30:42 Arson
32:47 Iron Casting
33:29 Bodkin Arrow
34:47 Hand Cart
34:34 Gillnets
36:07 Gold Mining
37:49 Pikeman
41:18 Imperial Age
39:13 Murder Holes
39:38 Ballistics
39:38 Double-Bit Axe
41:10 Careening
41:10 Clinker Construction
42:30 Conscription
42:31 Kataparuto
42:34 Dry Dock
43:22 Blast Furnace
42:36 Halberdier
45:22 Plate Mail Armor
44:53 Bracer
48:57 Hoardings
50:55 Elite Samurai
52:08 Horse Collar
59:12 Siege Engineers
59:17 Masonry
58:48 Treadmill Crane
61:10 Gold Shaft Mining
nnvtn
13:11 Feudal Age
11:28 Loom
13:13 Feudal Age
18:27 Castle Age
17:10 Stone Mining
17:12 Double-Bit Axe
22:52 Paiks
22:50 Murder Holes
23:17 Ballistics
28:01 Fletching
28:49 Bodkin Arrow
29:24 Gold Mining
47:12 Redemption
48:44 Sanctity
48:26 Atonement
48:37 Fervor
53:40 Bloodlines
57:43 Wheelbarrow
63:21 Fishing Lines
64:32 Husbandry
68:50 Padded Archer Armor
68:56 Scale Barding Armor
69:02 Forging
71:36 Imperial Age
69:23 Hand Cart
68:53 Town Watch
74:03 Bracer
77:17 Siege Elephant
79:05 Siege Elephant
Ollie
13:01 Feudal Age
17:04 Castle Age
16:46 Fletching
18:29 Wheelbarrow
17:40 Loom
17:54 Bodkin Arrow
18:04 Double-Bit Axe
25:00 Padded Archer Armor
26:56 Husbandry
27:07 Bloodlines
37:16 Imperial Age
34:32 Town Watch
35:06 Thumb Ring
37:44 Elite Skirmisher
38:26 Bracer
38:43 Leather Archer Armor
41:08 Chemistry
40:30 Ballistics
64:13 Capped Ram
Pork
7:14 Loom
10:53 Feudal Age
15:35 Man-at-Arms
16:24 Scale Mail Armor
18:54 Castle Age
20:22 Horse Collar
22:10 Chain Mail Armor
22:05 Forging
22:28 Long Swordsman
28:03 Iron Casting
27:32 Squires
29:40 Fletching
42:06 Pikeman
46:19 Heavy Plow
47:22 Double-Bit Axe
57:21 Bodkin Arrow
67:26 Bow Saw
DLJD
6:06 Loom
16:31 Feudal Age
18:44 Wheelbarrow
17:39 Man-at-Arms
18:29 Gold Mining
18:43 Horse Collar
22:15 Double-Bit Axe
27:42 Scale Mail Armor
38:24 Stone Mining
52:56 Castle Age
51:35 Forging
53:31 Pikeman
54:12 Squires
56:44 Iron Casting
56:50 Bow Saw
57:07 Heavy Plow
58:32 Long Swordsman
59:31 Chain Mail Armor
59:23 Caravan
69:42 Imperial Age
69:31 Hand Cart
72:35 Blast Furnace
70:58 Halberdier
71:37 Two-Handed Swordsman
73:08 Champion
74:22 Town Watch
80:10 Sanctity
79:50 Devotion
80:15 Illumination
Melon
3:33 Loom
11:41 Feudal Age
12:08 Double-Bit Axe
11:44 Man-at-Arms
12:52 Arson
14:28 Scale Mail Armor
15:34 Fletching
19:46 Castle Age
45:58 Bow Saw
48:45 Bodkin Arrow
49:44 Wheelbarrow
58:45 Imperial Age
74:19 Imperial Age
74:48 Chain Mail Armor
Connection lost

Rejoining the realm…

Still unreachable

The connection could not be restored.

Session expired

The server has moved on; the page needs a fresh start.